 Dungeon Crawl Stone Soup version 0.32-a0-986-ga09f62fbf4 (webtiles) character file.

Game seed: 14838273946447388087

4806 LadyBoffin the Skirmisher (level 10, -2/64 HPs)
             Began as a Kobold Hexslinger on Apr 20, 2024.
             Was an Elder of Zin.
             Slain by a centaur warrior (12 damage)
             ... on level 8 of the Dungeon on Apr 21, 2024.
             The game lasted 00:46:13 (8232 turns).

LadyBoffin the Skirmisher (Kobold Hexslinger)       Turns: 8232, Time: 00:46:14

Health: -2/64      AC:  7    Str:  7    XL:     10   Next: 76%
Magic:  15/16      EV: 21    Int: 18    God:    Zin [****..]
Gold:   494        SH:  0    Dex: 23    Spells: 15/17 levels left

rFire   . . .        x - +0 orcbow
rCold   . . .        (shield currently unavailable)
rNeg    . . .        m - +0 steam dragon scales
rPois   ∞            c - +1 helmet
rElec   .            (no cloak)
rCorr   .            (no gloves)
SInv    .            (no boots)
Will    .....        n - amulet of regeneration
Stlth   ++++         i - +4 ring of slaying
HPRegen 1.10/turn    g - ring of poison resistance
MPRegen 0.15/turn

%: no passive effects
@: vitalised
A: small, no large weapons, nightstalker 3
a: Renounce Religion, Recite, Vitalisation, Imprison, Donate Gold


You were on level 8 of the Dungeon.
You worshipped Zin.
Zin was greatly pleased with you.
You visited 1 branch of the dungeon, and saw 8 of its levels.
You also visited: Sewer and Ossuary.

You collected 748 gold pieces.
You spent 56 gold pieces at shops.
You donated 198 gold pieces to Zin.

Inventory:

Hand Weapons
 a - a +3 sling
 w - a +3 shortbow
 x - a +0 orcbow (weapon)
Missiles
 z - 2 throwing nets
Armour
 c - a +1 helmet (worn)
 h - a +1 leather armour
 m - +0 steam dragon scales (worn)
Magical Staves
 q - a staff of conjuration
Jewellery
 e - a ring of flight
 g - a ring of poison resistance (right hand)
 i - a +4 ring of slaying (left hand)
 j - an amulet of the acrobat
 k - an amulet of magic regeneration
 n - an amulet of regeneration (around neck)
 r - a ring of resist corrosion
Scrolls
 b - a scroll of poison
 v - 2 scrolls of fear
 y - a scroll of vulnerability
Potions
 d - a potion of cancellation
 f - 6 potions of curing
 o - a potion of magic
 p - a potion of haste
 s - a potion of enlightenment
 t - a potion of berserk rage {unknown}
 u - a potion of degeneration {unknown}
 B - a potion of ambrosia {unknown}


   Skills:
 + Level 8.1 Fighting
 + Level 10.0 Ranged Weapons
 + Level 9.1 Dodging
 - Level 4.0 Stealth
 + Level 4.2 Spellcasting
 - Level 4.3 Hexes
 - Level 1.8 Fire Magic
 - Level 5.4 Invocations


You had 15 spell levels left.
You knew the following spells:

 Your Spells              Type           Power      Damage    Failure   Level
a - Jinxbite              Hex            38%        N/A       3%          2

Your spell library contained the following spells:

 Spells                   Type           Power      Damage    Failure   Level
 Sigil of Binding         Hex            19%        N/A       8%          3
 Inner Flame              Hex/Fire       14%        N/A       12%         3
 Sandblast                Erth           6%         2d5       14%         1
 Blink                    Tloc           6%         N/A       22%         2
 Lesser Beckoning         Tloc           6%         N/A       22%         2
 Momentum Strike          Conj/Tloc      6%         3d8       22%         2
 Cause Fear               Hex            9%         N/A       24%         4
 Maxwell's Portable Pile  Tloc           3%         2d(5-14)  41%         3
 Passwall                 Erth           3%         N/A       41%         3
 Stone Arrow              Conj/Erth      6%         3d7       41%         3
 Teleport Other           Tloc           3%         N/A       41%         3
 Dimensional Bullseye     Hex/Tloc       5%         N/A       52%         4


Dungeon Overview and Level Annotations

Branches:
Dungeon (8/15)             Temple (0/1) D:7           Sewer (visited)
Ossuary (visited)
   Lair: D:8-11

Altars:
Fedhas
Qazlal
Sif Muna
Uskayaw
Vehumet
Wu Jian
Xom
Zin
The Shining One

Shops:
D:1 (   D:5 ?   D:7 *

Annotations:
D:8 Amaemon


Innate Abilities, Weirdness & Mutations

You are small and have problems with some larger weapons.
You are completely attuned to the shadows.


Message History

The centaur warrior is heavily wounded.
The centaur warrior shoots an arrow.
The arrow hits you!!
* * * LOW HITPOINT WARNING * * *
You feel much better.
The centaur warrior shoots an arrow.
The arrow hits you!
The centaur warrior shoots an arrow.
The arrow hits you!
The centaur warrior unwields a +0 orcbow.
The centaur warrior hits you!
* * * LOW HITPOINT WARNING * * *
The centaur warrior closely misses you.
Fire: x) +0 orcbow
Press: ? - help, Q - select action, (/) - cycle Shift-Dir - straight line, f/p - centaur warrior
Aim: a centaur warrior (heavily wounded, 76% to hit)
You shoot an arrow. The arrow hits the centaur warrior.
The centaur warrior is severely wounded.
The centaur warrior hits you but does no damage.
The centaur warrior barely misses you.
Fire: x) +0 orcbow
Press: ? - help, Q - select action, (/) - cycle Shift-Dir - straight line, f/p - centaur warrior
Aim: a centaur warrior (severely wounded, 76% to hit)
You shoot an arrow. The arrow hits the centaur warrior.
The centaur warrior is severely wounded.
The centaur warrior hits you but does no damage.
The centaur warrior kicks you but does no damage.
The centaur warrior barely misses you. The centaur warrior kicks you.
* * * LOW HITPOINT WARNING * * *
Fire: x) +0 orcbow
Press: ? - help, Q - select action, (/) - cycle Shift-Dir - straight line, f/p - centaur warrior
Aim: a centaur warrior (severely wounded, 76% to hit)
You shoot an arrow. The arrow hits the centaur warrior!
The centaur warrior is almost dead.
The centaur warrior hits you!
* * * LOW HITPOINT WARNING * * *
The centaur warrior barely misses you.
Fire: x) +0 orcbow
Press: ? - help, Q - select action, (/) - cycle Shift-Dir - straight line, f/p - centaur warrior
Aim: a centaur warrior (almost dead, 76% to hit)
You shoot an arrow. The arrow hits the centaur warrior.
The centaur warrior is almost dead.
The centaur warrior hits you!
You die...

#.##.##.#########....#
## ###### ##.#.###
############# #......#
#.#.........# #.##.#.#
#(#.#######.# #.##.#.#
#†#.#!:(+.#.# #.#..#.#
#.#.#?!$#!#.# #.#.##.#
#.#.#####.#.# #......#
#...#...#c@.# ###.####
#.###.#.######### #.#
#.....#.........# #.#
###.#.#.#######.###.#
#.#.#.....##......#
#.#.###.#.#########
#.#.. #.# # #.# ..9


You could see a centaur warrior.

Vanquished Creatures
  A centaur warrior (D:8)
  Maggie (D:6)
  Grinder (D:6)
  Sigmund (D:3)
  2 steam dragons
  Edmund (D:6)
  A sky beast (D:7)
  A black bear (D:5)
  2 ice beasts
  4 ogres
  6 centaurs
  A phantom (D:5)
  3 bullfrogs
  An elf zombie (Ossuary)
  3 scorpions
  2 burial acolytes (Ossuary)
  6 killer bees (D:6)
  2 howler monkeys (D:6)
  3 bombardier beetles
  2 hounds (D:5)
  A jelly (D:7)
  6 orc priests
  A human zombie (Ossuary)
  A gnoll bouda (D:5)
  Jessica (D:3)
  An orc wizard (D:6)
  Natasha (thrice) (D:4)
  3 iguanas
  3 mummies
  3 howler monkey zombies (Ossuary)
  Robin (D:3)
  11 adders
  6 gnolls
  A river rat (D:5)
  A shadow imp (D:6)
  13 dart slugs
  25 orcs
  10 ball pythons
  9 bats
  5 endoplasms
  15 giant cockroaches
  21 goblins
  8 hobgoblins
  7 jackals
  7 kobolds
  9 quokkas
  10 frilled lizards
  8 rats
234 creatures vanquished.

Vanquished Creatures (others)
  An orc wizard (D:5)
1 creature vanquished.

Grand Total: 235 creatures vanquished

Notes
Turn   | Place    | Note
-------+----------+-------------------------------------------
     0 | D:1      | LadyBoffin the Kobold Hexslinger began the quest for the
                  | Orb.
     0 | D:1      | Reached XP level 1. HP: 12/12 MP: 2/2
   149 | D:1      | Reached XP level 2. HP: 16/16 MP: 3/3
   228 | D:1      | Found Umuere's Antique Weapon Boutique.
   567 | D:1      | Reached skill level 3 in Ranged Weapons
   591 | D:1      | Reached XP level 3. HP: 20/20 MP: 5/5
  1448 | D:2      | Reached XP level 4. HP: 26/26 MP: 6/6
  1596 | D:2      | Found a glowing golden altar of the Shining One.
  1965 | D:3      | Noticed Jessica
  1969 | D:3      | Killed Jessica
  2030 | D:3      | Reached XP level 5. HP: 30/30 MP: 8/8
  2133 | D:3      | Learned a level 2 spell: Jinxbite
  2164 | D:3      | Noticed Sigmund
  2172 | D:3      | Killed Sigmund
  2173 | D:3      | Reached skill level 4 in Ranged Weapons
  2173 | D:3      | Reached XP level 6. HP: 33/36 MP: 8/10
  2231 | D:3      | Noticed Robin
  2262 | D:3      | Killed Robin
  2505 | D:3      | Found a glowing silver altar of Zin.
  2636 | D:3      | Became a worshipper of Zin the Law-Giver
  2636 | D:3      | Reached * piety under Zin
  3375 | D:4      | Reached XP level 7. HP: 34/41 MP: 11/11
  3441 | D:4      | Reached ** piety under Zin
  3456 | D:4      | Found a sand-covered staircase.
  3481 | Ossuary  | Entered an ossuary
  3482 | Ossuary  | Donated 124 gold pieces to Zin
  3483 | Ossuary  | Found a huge runed translucent gate.
  3483 | Ossuary  | Found a huge runed translucent gate.
  3483 | Ossuary  | Found a huge runed translucent gate.
  3483 | Ossuary  | Found a huge runed translucent gate.
  3483 | Ossuary  | Found a huge runed translucent gate.
  3484 | Ossuary  | Found a huge runed translucent gate.
  3484 | Ossuary  | Found a huge runed translucent gate.
  3485 | Ossuary  | Found a huge runed translucent gate.
  3485 | Ossuary  | Found a huge runed translucent gate.
  3486 | Ossuary  | Found a huge runed translucent gate.
  3486 | Ossuary  | Found a huge runed translucent gate.
  3490 | Ossuary  | Found a huge runed translucent gate.
  3490 | Ossuary  | Found a huge runed translucent gate.
  3491 | Ossuary  | Found a huge runed translucent gate.
  3491 | Ossuary  | Found a huge runed translucent gate.
  3491 | Ossuary  | Found a huge runed translucent gate.
  3491 | Ossuary  | Found a huge runed translucent gate.
  3491 | Ossuary  | Found a huge runed translucent gate.
  3492 | Ossuary  | Found a huge runed translucent gate.
  3493 | Ossuary  | Found a huge runed translucent gate.
  3550 | Ossuary  | HP: 1/41 [howler monkey zombie (5)]
  3552 | Ossuary  | Reached skill level 5 in Ranged Weapons
  3589 | Ossuary  | Found a huge runed translucent gate.
  3589 | Ossuary  | Found a huge runed translucent gate.
  3590 | Ossuary  | Found a huge runed translucent gate.
  3590 | Ossuary  | Found a huge runed translucent gate.
  3591 | Ossuary  | Found a huge runed translucent gate.
  3591 | Ossuary  | Found a huge runed translucent gate.
  3592 | Ossuary  | Found a huge runed translucent gate.
  3592 | Ossuary  | Found a huge runed translucent gate.
  3594 | Ossuary  | Found a huge runed translucent gate.
  3594 | Ossuary  | Found a huge runed translucent gate.
  3594 | Ossuary  | Found a huge runed translucent gate.
  3594 | Ossuary  | Found a huge runed translucent gate.
  3594 | Ossuary  | Found a huge runed translucent gate.
  3640 | Ossuary  | Reached skill level 1 in Invocations
  3651 | Ossuary  | Reached *** piety under Zin
  3672 | Ossuary  | Reached **** piety under Zin
  3965 | D:4      | Noticed Natasha
  3971 | D:4      | Killed Natasha
  3972 | D:4      | Reached XP level 8. HP: 48/48 MP: 13/13
  4101 | D:4      | Noticed Natasha
  4104 | D:4      | Killed Natasha
  4140 | D:4      | Reached skill level 5 in Dodging
  4204 | D:4      | Upgraded the game from 0.32-a0-981-g384da2ce10 to
                  | 0.32-a0-986-ga09f62fbf4
  4240 | D:4      | Noticed Natasha
  4245 | D:4      | Killed Natasha
  4246 | D:4      | Reached skill level 6 in Ranged Weapons
  4298 | D:4      | Reached ***** piety under Zin
  4523 | D:5      | Entered Level 5 of the Dungeon
  4669 | D:5      | Reached skill level 5 in Fighting
  4671 | D:5      | Zin protects you from harm!
  4787 | D:5      | Found a glowing drain.
  4791 | Sewer    | Entered a sewer
  4982 | Sewer    | Reached XP level 9. HP: 54/54 MP: 14/14
  5104 | Sewer    | Reached skill level 7 in Ranged Weapons
  5234 | D:5      | Found a shimmering altar of Xom.
  5287 | D:5      | Found Turugh's Magic Scroll Shop.
  5292 | D:5      | Bought a scroll of identify for 28 gold pieces
  5292 | D:5      | Bought a scroll of identify for 28 gold pieces
  5620 | D:5      | Found an ornate altar of the Wu Jian Council.
  5735 | D:5      | Found a hide-covered altar of Uskayaw.
  5898 | D:6      | Reached skill level 8 in Ranged Weapons
  5915 | D:6      | Found a stormy altar of Qazlal.
  5921 | D:6      | Found a blossoming altar of Fedhas.
  5941 | D:6      | Reached skill level 5 in Invocations
  6069 | D:6      | You fall into a shaft and drop 1 floor!
  6147 | D:7      | Found Romiawomee's Assorted Antiques.
  6487 | D:6      | Noticed Maggie
  6496 | D:6      | HP: 1/56 [Maggie/+2 halberd of pain (3)]
  6547 | D:6      | Noticed Grinder
  6584 | D:6      | Noticed Edmund
  6595 | D:6      | Killed Edmund
  6682 | D:6      | Reached XP level 10. HP: 61/61 MP: 15/15
  6694 | D:6      | Reached skill level 1 in Stealth
  6766 | D:6      | Identified the +6 hand axe "Qiomp" {drain, rPois rC- Str+5}
  6823 | D:6      | Killed Grinder
  6836 | D:6      | Killed Maggie
  6837 | D:6      | Reached skill level 9 in Ranged Weapons
  7347 | D:7      | Found a radiant altar of Vehumet.
  7431 | D:7      | Found a shimmering blue altar of Sif Muna.
  7543 | D:7      | Found a staircase to the Ecumenical Temple.
  8034 | D:8      | Noticed Amaemon
  8063 | D:8      | Noticed an orange demon
  8153 | D:8      | Noticed a gargoyle
  8168 | D:8      | Noticed a centaur warrior
  8177 | D:8      | Killed a centaur warrior
  8178 | D:8      | Reached skill level 10 in Ranged Weapons
  8219 | D:8      | Noticed a centaur warrior
  8232 | D:8      | Slain by a centaur warrior

Illustrated notes

Levels and vault maps discovered:
D:1:      dpeg_cavernosity, layout_loops_ring, serial_shops, shop
D:2:      layout_basic, basic_altar
D:3:      kennysheep_goblin_castle, layout_loops_ring, amcnicky_altar_gilded,
          hangedman_decor_riveting, uniq_jessica, uniq_sigmund
D:4:      layout_loops_ring, gup_ossuary_entry_pyramid, minmay_small_thing,
          uniq_natasha
D:5:      minmay_chambers_of_fours, layout_basic, xom_redecorated,
          nzn_wu_jian_contemplation, mainiacjoe_overflow_small_starburst,
          gup_sewer_entry_spiral, serial_shops, nicolae_shop_just_a_little_nook,
          grunt_ministairs_13
D:6:      layout_gridville, grunt_temple_overflow_forces_of_nature,
          minmay_misc_feat_room, uniq_edmund, uniq_maggie, uniq_grinder
D:7:      layout_cave_pools, kennysheep_mini_moat, fiery_altar_vehumet,
          temple_green, serial_shops, nicolae_shop_stone, serial_rivers,
          chequers_serial_rivers_marsh, chequers_serial_rivers_room_a,
          chequers_serial_rivers_room_a, chequers_serial_rivers_micro_b,
          chequers_serial_rivers_large_b
D:8:      layout_loops_cross, wad_mini_maze, uniq_amaemon

Skill      XL: |  1  2  3  4  5  6  7  8  9 10 |
---------------+-------------------------------+-----
Ranged Weapons | 3 4 5 6 8 10 | 10.0
Dodging        | 3 4 6 7 9 |  9.1
Fighting       | 2 3 4 5 6 8 |  8.1
Spellcasting   | 2 3 4 |  4.2
Hexes          | 4 |  4.3
Invocations    | 1 3 5 |  5.4
Stealth        | 4 |  4.0
Fire Magic     | |  1.8

Action                     |  1- 3 |  4- 6 |  7- 9 | 10-12 || total
---------------------------+-------+-------+-------+-------++-------
   Fire: Sling             |    59 |   113 |   330 |       ||   502
         Orcbow            |       |       |    77 |   131 ||   208
   Cast: Jinxbite          |       |       |    12 |     3 ||    15
 Invoke: Recite            |       |       |     6 |       ||     6
         Vitalisation      |       |       |     2 |     1 ||     3
         Donate Gold       |       |       |     1 |       ||     1
         Sanctuary         |       |       |     1 |       ||     1
    Use: Scroll            |       |     8 |    10 |     2 ||    20
         Potion            |       |       |     1 |     3 ||     4
 Armour: Leather armour    |    14 |    43 |   148 |     4 ||   209
         Steam dragon scal |       |       |       |    66 ||    66
  Dodge: Dodged            |    20 |    61 |   215 |   152 ||   448

Table legend: (Time is in decaauts)
 A = Elapsed time spent in this place.
 B = Non-inter-level travel time spent in this place.
 C = Inter-level travel time spent in this place.
 D = Time resting spent in this place.
 E = Time spent auto-exploring this place.
 F = Levels seen in this place.
 G = Mean time per level.
                   A        B        C        D        E       F      G
               +--------+--------+--------+--------+--------+-----+--------+
         Total |   8527 |   8085 |    442 |    613 |   3916 |  10 |  852.7 |
       Dungeon |   7803 |   7361 |    442 |    581 |   3781 |   8 |  975.4 |
         Sewer |    430 |    430 |      0 |      0 |     97 |   1 |  430.0 |
       Ossuary |    293 |    293 |      0 |     32 |     37 |   1 |  293.0 |
               +--------+--------+--------+--------+--------+-----+--------+

Top non-repeatable levels by time:
     D:3: 1451 daAuts
     D:6: 1259 daAuts
     D:1: 1166 daAuts
     D:5: 1060 daAuts
     D:7: 948 daAuts
     D:4: 861 daAuts
     D:2: 838 daAuts
   Sewer: 430 daAuts
 Ossuary: 293 daAuts
     D:8: 217 daAuts
